AoeStats
← 路边的野人

African Clearing

510283620Analyzed
4v4 RM · 1d ago on Sep 30, 2026· 36m 48s· 8 players
Game mode
Random Map
Map size
Large (8 player)
Population
200
Speed
Normal
Resources
Standard
Victory
Conquest
Starting age
Dark Age
Ending age
Imperial Age
RankedLock teamsTeams togetherTeam positionsShared explorationLock speedFull tech treeHidden civsTurbo modeCheats
Victory
Defeat
🇨🇳 Spanish · China
1804
+5
🇨🇳 Magyars · China
1723
+8
🇨🇳 Varangians · China
1408
+19
🇨🇳 Maya · China
1271
+24
🇯🇵 Varangians · Japan
1576
-17
🇩🇪 Sicilians · Germany
1507
-14
🇩🇪 Vietnamese · Germany
1489
-13
🇨🇳 Bengalis · China
1450
-12
Poncho
9:16 Loom
12:07 Feudal Age
10:52 Loom
12:38 Feudal Age
17:46 Castle Age
16:07 Double-Bit Axe
16:29 Fletching
18:29 Wheelbarrow
18:46 Horse Collar
22:49 Town Watch
23:16 Bodkin Arrow
24:00 Ballistics
24:50 Padded Archer Armor
28:22 Hand Cart
28:21 Bow Saw
29:33 Leather Archer Armor
36:12 Murder Holes
Bobo
6:18 Loom
13:32 Feudal Age
17:33 Castle Age
15:34 Double-Bit Axe
15:35 Horse Collar
19:23 Bow Saw
20:02 Wheelbarrow
19:58 Heavy Plow
23:32 Fletching
26:04 Bodkin Arrow
26:46 Ballistics
28:00 Padded Archer Armor
knife
13:21 Feudal Age
13:08 Loom
14:33 Town Watch
17:54 Castle Age
16:44 Double-Bit Axe
16:40 Horse Collar
18:48 Wheelbarrow
18:59 Bow Saw
21:42 Horse Collar
24:31 Hand Cart
27:06 Heavy Plow
28:42 Fletching
33:06 Imperial Age
31:28 Bodkin Arrow
31:34 Padded Archer Armor
34:41 Conscription
34:27 Paiks
34:56 Bracer
36:05 Leather Archer Armor
35:50 Elite Ratha (Ranged)
YEBISU
10:27 Loom
13:04 Feudal Age
16:43 Castle Age
16:28 Double-Bit Axe
16:25 Horse Collar
18:52 Wheelbarrow
18:33 Bow Saw
19:14 Bloodlines
23:16 Elite Skirmisher
27:13 Fletching
29:02 Bodkin Arrow
30:18 Padded Archer Armor
路边的野人
8:52 Loom
12:59 Feudal Age
14:23 Double-Bit Axe
16:45 Castle Age
17:39 Bow Saw
19:35 Horse Collar
24:48 Stone Mining
25:41 Gold Mining
27:38 Heavy Plow
31:43 Imperial Age
29:19 Scale Mail Armor
29:29 Forging
30:26 Wheelbarrow
30:40 Chain Mail Armor
30:35 Forging
30:46 Squires
30:37 Eagle Warrior
32:51 Iron Casting
34:04 Plate Mail Armor
35:30 Holcans
36:11 Blast Furnace
35:42 Arson
36:18 Elite Eagle Warrior
jijiojojo
11:33 Feudal Age
11:05 Loom
12:37 Double-Bit Axe
14:07 Bloodlines
16:16 Scale Barding Armor
23:10 Castle Age
22:01 Gold Mining
22:13 Horse Collar
25:01 Chain Barding Armor
24:56 Bow Saw
28:13 Husbandry
29:17 Heavy Plow
30:15 Light Cavalry
33:35 Wheelbarrow
III
8:51 Loom
12:35 Feudal Age
16:13 Castle Age
14:51 Double-Bit Axe
15:32 Horse Collar
16:01 Loom
34:03 Bow Saw
34:47 Wheelbarrow
35:41 Town Watch
36:11 Hand Cart
执者如旗
12:12 Feudal Age
17:30 Castle Age
15:49 Double-Bit Axe
18:06 Wheelbarrow
18:34 Forging
18:58 Bow Saw
19:42 Gold Mining
20:32 Scale Barding Armor
22:59 Hand Cart
26:15 Bloodlines
29:15 Chain Barding Armor
31:21 Iron Casting
38:06 Imperial Age
36:05 Stone Mining
36:37 Husbandry
Connection lost

Rejoining the realm…

Still unreachable

The connection could not be restored.

Session expired

The server has moved on; the page needs a fresh start.